 Dungeon Crawl Stone Soup version 0.29.1-15-g9cfb28693d (webtiles) character file.

Game seed: 13476416949235591206

30 Hugehornet the Insei (level 3, 0/23 HPs)
             Began as an Octopode Transmuter on Mar 25, 2023.
             Slain by an adder (4 damage)
             ... on level 2 of the Dungeon.
             The game lasted 00:02:55 (1120 turns).

Hugehornet the Insei (Octopode Transmuter)          Turns: 1120, Time: 00:02:57

Health: 0/23       AC:  1    Str:  9    XL:     3   Next: 18%
Magic:  5/6        EV: 13    Int: 17    God:
Gold:   66         SH:  0    Dex: 12    Spells: 2/6 levels left

rFire   . . .      SeeInvis .     - Unarmed
rCold   . . .      Faith    .   (no shield)
rNeg    . . .      Spirit   .   (helmet currently unavailable)
rPois   .          Reflect  .   (no amulet)
rElec   .          Harm     .   (no ring)
rCorr   .          Rampage  .   (no ring)
Will    .....                   (no ring)
Stlth   ++........              (no ring)
HPRegen 0.07/turn               (no ring)
MPRegen 0.10/turn               (no ring)
                                (no ring)
                                (no ring)

@: appendages
A: tentacle spike 3, almost no armour, amphibious, 8 rings, camouflage 1,
gelatinous body 1, (nimble swimmer 1), tentacles
a: End Transformation


You were on level 2 of the Dungeon.
One of your tentacles had grown a beastly spike.
You visited 1 branch of the dungeon, and saw 2 of its levels.

You collected 66 gold pieces.

Inventory:

Scrolls
 b - 2 scrolls of teleportation {unknown}
 c - 2 scrolls of noise {unknown}
 f - a scroll of blinking {unknown}
Potions
 a - a potion of lignification
 d - a potion of mutation {unknown}
 e - a potion of cancellation {unknown}
 g - a potion of curing
 h - a potion of berserk rage {unknown}
 i - a potion of ambrosia {unknown}


   Skills:
 - Level 1.0 Fighting
 - Level 2.0 Dodging
 + Level 3.6 Unarmed Combat
 + Level 2.2 Spellcasting
 * Level 2.5 Transmutations
 * Level 0.3 Poison Magic


You had 2 spell levels left.
You knew the following spells:

 Your Spells              Type           Power      Damage    Failure   Level
a - Beastly Appendage     Tmut           20%        N/A       7%          1
b - Spider Form           Tmut/Pois      6%         N/A       32%         3

Your spell library contained the following spells:

 Spells                   Type           Power      Damage    Failure   Level
 Wereblood                Tmut           10%        N/A       10%         2
 Ozocubu's Armour         Ice            1%         N/A       50%         3
 Ice Form                 Ice/Tmut       6%         N/A       75%         4
 Metabolic Englaciation   Hex/Ice        0%         N/A       99%         5
 Simulacrum               Ice/Necr       0%         N/A       100%        6


Dungeon Overview and Level Annotations

Branches:
Dungeon (2/15)

Altars:


Innate Abilities, Weirdness & Mutations

One of your tentacles has grown a beastly spike.
You cannot wear most types of armour.
You are amphibious.
You can wear up to eight rings at the same time.
Your skin changes colour to match your surroundings (Stealth+).
Your rubbery body absorbs attacks. (AC +1, EV +1)
((You are camouflaged when in or above water. (Stealth+)))
You have tentacles for arms and can constrict up to eight enemies at once.


Message History

You tentacle-slap the adder but do no damage.
Your grab misses the adder.
The adder is lightly wounded.
The adder bites you.
You closely miss the adder. Your grab misses the adder.
You pierce the adder.
The adder is moderately wounded.
The adder bites you.
You tentacle-slap the adder. Your grab misses the adder.
Your tentacle spike misses the adder.
Your squeeze misses the adder.
The adder is moderately wounded.
The adder bites you but does no damage. The adder bites you.
You are poisoned.
The adder poisons you!
You are too injured to fight recklessly!
You are too injured to fight recklessly!
You completely miss the adder. You grab the adder.
The adder is moderately wounded.
Your tentacle spike disappears.
You constrict the adder.
You feel sick. The adder closely misses you.
You barely miss the adder.
You squeeze the adder, but do no damage.
The adder is moderately wounded.
You constrict the adder.
You feel sick. The adder bites you.
* * * LOW HITPOINT WARNING * * *
You are lethally poisoned!
The adder poisons you!
You feel better.
You constrict the adder. The adder bites you.
You tentacle-slap the adder but do no damage.
You squeeze the adder.
The adder is severely wounded.
You constrict the adder. The adder bites you.
* * * LOW HITPOINT WARNING * * *
The adder misses you.
Casting: Beastly Appendage (safe; 7% risk of failure)
Confirm with . or Enter, or press ? or * to list all spells.
One of your tentacles grows a vicious spike.
You constrict the adder.
You kill the adder!
The adder bites you.
You die...

###.....#.## #..............#
#.....#..#..########..........#
#.....).......# ##.........#
#.....##...##.# #.........#
#.....#....##.# #.........#
#..#........# . ####..#####
....#........## . # #†..#
..............###.#######...####
...........S@.>..............
...........###.#####.<.......
#..........# # #.........
#......)...# #.........
......<...## #.....(...
.......... #.........
........... ###.#.####
..........## .#.# ...........
.#.#


You could see an adder.

Vanquished Creatures
  2 adders (D:2)
  5 goblins
  A hobgoblin (D:1)
  3 jackals (D:2)
  A kobold (D:1)
  A quokka (D:2)
  A ball python (D:1)
  3 bats (D:1)
  2 rats
19 creatures vanquished.

Notes
Turn   | Place    | Note
-------+----------+-------------------------------------------
     0 | D:1      | Hugehornet the Octopode Transmuter began the quest for the
                  | Orb.
     0 | D:1      | Reached XP level 1. HP: 13/13 MP: 3/3
   289 | D:1      | Reached XP level 2. HP: 18/18 MP: 3/5
   486 | D:1      | Found a faded altar of an unknown god.
  1054 | D:2      | Reached XP level 3. HP: 23/23 MP: 4/6
  1058 | D:2      | Learned a level 3 spell: Spider Form
  1120 | D:2      | Slain by an adder

Illustrated notes

Levels and vault maps discovered:
D:1:      mrwooster_arrival_statue, layout_loops_ring,
          shapermc_ecumenical_altar_hornbeckon, nrook_loot_triangle
D:2:      layout_rooms, minmay_split_cup_large

Action                   || total
-------------------------++-------
Melee: Unarmed           ||    47
       Constrict         ||    10
       Kick              ||    12
       Tentacles         ||    10
       Punch             ||     1
 Cast: Beastly Appendage ||    13
  Use: Potion            ||     3
Armor: Skin              ||     5
Dodge: Dodged            ||    43
